AoeStats
← TheJack.777

Four Lakes

510237855Analyzed
1v1 RM · 3d ago on Sep 30, 2026· 29m 43s· 2 players
Game mode
Random Map
Map size
Tiny (2 player)
Population
200
Speed
Normal
Resources
Standard
Victory
Conquest
Starting age
Dark Age
Ending age
Imperial Age
RankedLock teamsTeams togetherTeam positionsShared explorationLock speedFull tech treeHidden civsTurbo modeCheats
Victory
Defeat
🇨🇱 Huns · Chile
859
+14
🇧🇷 Magyars · Brazil
825
-14
Fernandinho_aoe
6:58 Loom
9:58 Feudal Age
15:02 Double-Bit Axe
22:00 Horse Collar
23:33 Wheelbarrow
25:58 Castle Age
24:17 Fletching
24:28 Padded Archer Armor
25:14 Gold Mining
25:36 Scale Barding Armor
25:53 Bloodlines
28:54 Scale Mail Armor
29:20 Crossbowman
TheJack.777
3:18 Loom
4:15 Loom
11:00 Feudal Age
11:48 Double-Bit Axe
20:18 Castle Age
23:11 Bow Saw
24:53 Scale Barding Armor
25:24 Bloodlines
25:14 Husbandry
26:40 Chain Barding Armor
Connection lost

Rejoining the realm…

Still unreachable

The connection could not be restored.

Session expired

The server has moved on; the page needs a fresh start.